 Dungeon Crawl Stone Soup version 0.30-a0-920-g7493c07aab (webtiles) character file.

Game seed: 17054413575189929153

18 sasquatch the Sneak (level 2, 18/18 HPs)
             Began as a Kobold Brigand on Mar 21, 2023.
             Was an Initiate of Ru.
             Quit the game on level 1 of the Dungeon.
             The game lasted 00:00:51 (555 turns).

sasquatch the Sneak (Kobold Brigand)                 Turns: 555, Time: 00:00:52

Health: 18/18      AC:  3    Str:  8    XL:     2   Next: 90%
Magic:  2/2        EV: 14    Int: 12    God:    Ru [......]
Gold:   58         SH:  0    Dex: 16    Spells: 1/1 levels left

rFire   . . .      SeeInvis .    a - +2 dagger
rCold   . . .      Faith    .    (no shield)
rNeg    . . .      Spirit   .    b - +0 robe
rPois   .          Reflect  .    (no helmet)
rElec   .          Rampage  .    c - +0 cloak
rCorr   .                        (no gloves)
Will    .....                    (no boots)
Stlth   ++++                     (no amulet)
HPRegen 0.23/turn                (no ring)
MPRegen 0.08/turn                (no ring)

@: no status effects
A: small, no large weapons, nightstalker 3
a: Renounce Religion


You were on level 1 of the Dungeon.
You worshipped Ru.
Ru was noncommittal.
You visited 1 branch of the dungeon, and saw 1 of its levels.

You collected 58 gold pieces.

Inventory:

Hand Weapons
 a - a +2 dagger (weapon)
Missiles
 d - 9 poisoned darts (quivered)
 e - 3 curare-tipped darts
 i - 5 atropa-tipped darts
Armour
 b - a +0 robe (worn)
 c - a +0 cloak (worn)
Scrolls
 g - 2 scrolls of identify {unknown}
 h - a scroll of enchant armour {unknown}
 j - a scroll of torment {unknown}
 k - 3 scrolls of blinking {unknown}
 l - 3 scrolls of teleportation {unknown}
Potions
 f - a potion of lignification {unknown}


   Skills:
 + Level 2.5 Fighting
 + Level 3.0 Short Blades
 + Level 2.5 Throwing
 + Level 1.7 Dodging
 + Level 5.5 Stealth


You had one spell level left.
You didn't know any spells.
Your spell library was empty.

Dungeon Overview and Level Annotations

Branches:
Dungeon (1/15)

Altars:
Ru


Innate Abilities, Weirdness & Mutations

You are small and have problems with some larger weapons.
You are completely attuned to the shadows.


Message History

You kill the goblin!
A ball python is nearby!
The helpless ball python fails to defend itself.
You stick the ball python like a pincushion!!!
You kill the ball python!
No target in view!
i - 5 atropa-tipped darts
Found a robe.
You see here a +0 robe.
j - a scroll labelled ORYIVIMMU
k - 3 scrolls labelled BINEOPHEKH No target in view!
No target in view!
l - 3 scrolls labelled UXU AFOIRHY METY No target in view!
No target in view!
A quokka comes into view.
The quokka misses you.
You hit the quokka but do no damage. The quokka closely misses you.
You barely miss the quokka.
The quokka bites you but does no damage.
You hit the quokka.
The quokka is heavily wounded.
The quokka barely misses you.
You hit the quokka.
You kill the quokka!
No target in view!
No target in view!
Found 5 boomerangs.
There is a staircase leading out of the dungeon here.
Done exploring.
Done exploring.
No target in view!
Done exploring.
There is a shaft here.
There is a faded altar of an unknown god here.
This altar belongs to (a) Nemelex Xobeh, (b) Uskayaw or (c) Ru, but you can't tell which.
Press the corresponding letter to learn more about a god, or press enter to convert or escape to cancel.
Ru accepts your prayer! Ru welcomes you!
Are you sure you want to abandon this character and quit the game? (Confirm with "yes".)

##.#.#.#.## #.##....##.###
#.
######<#######.##.#..##...#
##.
##.#.#.#.#..##.#..####.#
#..
#.###.#.#..###.#)...##.#
#..
##.#######.[...#.##.##.#
#.. #.## #....#####.##.##
#.. ##.# #.#.## #.....# #..
#.## ###.#^# ###...# #..
#..#####...#@# ##### #..
##.........### #..
########### ###


There were no monsters in sight!

Vanquished Creatures
  3 ball pythons (D:1)
  4 bats (D:1)
  An endoplasm (D:1)
  A goblin (D:1)
  2 hobgoblins (D:1)
  2 quokkas (D:1)
  3 rats (D:1)
16 creatures vanquished.

Notes
Turn   | Place    | Note
-------+----------+-------------------------------------------
     0 | D:1      | sasquatch the Kobold Brigand began the quest for the Orb.
     0 | D:1      | Reached XP level 1. HP: 12/12 MP: 1/1
    61 | D:1      | Found a faded altar of an unknown god.
   131 | D:1      | Reached XP level 2. HP: 18/18 MP: 2/2
   554 | D:1      | Prayed at the altar of an unknown god.
   554 | D:1      | Became a worshipper of Ru the Awakened
   555 | D:1      | Quit the game

Illustrated notes

Levels and vault maps discovered:
D:1:      reono_arrival_mine, layout_rooms,
          hellmonk_ecumenical_altar_leap_of_faith

Skill      XL: |  1  2 |
---------------+-------+-----
Short Blades   | 3 |  3.0
Fighting       | |  2.5
Throwing       | |  2.5
Dodging        | |  1.7
Stealth        | |  5.5

Action                     || total
---------------------------++-------
  Melee: Dagger            ||    35
   Stab: Sleeping          ||     7
 Armour: Robe              ||     5
  Dodge: Dodged            ||    23

Table legend: (Time is in decaauts)
 A = Elapsed time spent in this place.
 B = Non-inter-level travel time spent in this place.
 C = Inter-level travel time spent in this place.
 D = Time resting spent in this place.
 E = Time spent auto-exploring this place.
 F = Levels seen in this place.
 G = Mean time per level.
                   A        B        C        D        E       F      G
               +--------+--------+--------+--------+--------+-----+--------+
         Total |    550 |    550 |      0 |      0 |    453 |   1 |  550.0 |
       Dungeon |    550 |    550 |      0 |      0 |    453 |   1 |  550.0 |
               +--------+--------+--------+--------+--------+-----+--------+

Top non-repeatable levels by time:
     D:1: 550 daAuts
